 Dungeon Crawl Stone Soup version 0.28-a0-1616-g050a50673c (webtiles) character file.

Game seed: 8239232810280100454

1267 issech the Cudgeller (level 8, 0/79 HPs)
             Began as a Troll Berserker on Jan 22, 2022.
             Was a Priest of Trog.
             Succumbed to a water moccasin's poison
             ... on level 5 of the Dungeon.
             The game lasted 00:20:19 (4896 turns).

issech the Cudgeller (Troll Berserker)              Turns: 4896, Time: 00:20:19

Health: 0/79       AC:  5    Str: 26    XL:     8   Next: 28%
Magic:  2/7        EV: 11    Int:  3    God:    Trog [***...]
Gold:   175        SH:  0    Dex: 11    Spells: 7/7 levels left

rFire   . . .      SeeInvis .   e - +2 dagger (venom)
rCold   . . .      Faith    .   c - orb {*Rage}
rNeg    . . .      Spirit   +   b - +1 animal skin
rPois   .          Reflect  .   (helmet restricted)
rElec   .          Harm     .   (no cloak)
rCorr   .          Rampage  .   (gloves unavailable)
Will    .....      Rage     20% (boots unavailable)
Stlth   +.........              o - amulet of guardian spirit
HPRegen 1.03/turn               (no ring)
MPRegen 0.10/turn               (no ring)

@: lethally poisoned (0 -> -3)
A: large, unfitting armour, claws 3, regeneration 1, shaggy fur 1, tough skin 1
a: Renounce Religion, Berserk, Trog's Hand


You were on level 5 of the Dungeon.
You worshipped Trog.
Trog was most pleased with you.
You visited 1 branch of the dungeon, and saw 6 of its levels.

You collected 175 gold pieces.

Inventory:

Hand Weapons
 e - a +2 dagger of venom (weapon)
 k - a +0 hand crossbow
 q - a +4 dagger
 r - a +3 hand axe
 v - a +0 mace of protection
 J - a +3 falchion
 L - a +0 hunting sling
Missiles
 d - 94 stones
 g - 18 poisoned darts
 j - 78 arrows
 p - 10 boomerangs (quivered)
 z - 4 large rocks
 A - a throwing net
 B - 47 bolts
 H - 9 sling bullets
Armour
 b - a +1 animal skin (worn)
 c - an orb of wrath (worn)
 I - a +2 helmet
Jewellery
 o - an amulet of guardian spirit (around neck)
Wands
 u - a wand of digging (4)
Scrolls
 y - 3 scrolls of vulnerability
 E - a scroll of immolation
 F - a scroll of amnesia
 G - a scroll of fear
 K - 2 scrolls of identify
Potions
 f - a potion of might
 h - a potion of attraction {unknown}
 i - a potion of brilliance {unknown}
 l - a potion of invisibility {unknown}
 m - 3 potions of degeneration {unknown}
 n - a potion of mutation {unknown}
 s - a potion of flight {unknown}
 w - a potion of berserk rage {unknown}
 x - a potion of lignification {unknown}
 D - 3 potions of curing {unknown}


   Skills:
 + Level 4.6 Fighting
 + Level 1.8 Short Blades
 + Level 6.1 Maces & Flails
 + Level 0.1 Throwing
 + Level 5.1 Dodging
 + Level 0.9 Stealth


You had 7 spell levels left.
You didn't know any spells.
Your spell library contained the following spells:

 Spells                   Type           Power      Damage    Failure   Level
 Slow                     Hex            0%         N/A       52%         1
 Blink                    Tloc           0%         N/A       67%         2
 Confusing Touch          Hex            0%         N/A       88%         3
 Vampiric Draining        Necr           0%         2d6       88%         3
 Manifold Assault         Tloc           0%         N/A       100%        5
 Storm Form               Tmut/Air       0%         N/A       100%        7


Dungeon Overview and Level Annotations

Branches:
Dungeon (6/15)
 Temple: D:4-7

Altars:
Okawaru
Sif Muna

Shops:
D:2 *   D:5 *


Innate Abilities, Weirdness & Mutations

You are too large for most types of armour.
You have claws for hands.
Your natural rate of healing is unusually fast.
You are covered in fur. (AC +1)
You have tough skin. (AC +1)


Message History

The orc wizard flickers and vanishes!
Deactivating autopickup; reactivate with Ctrl-A.
You feel yourself speed up.
You feel sick. The water moccasin barely misses you.
There is a stone staircase leading up here.
You feel sick. The water moccasin bites you.
* * * LOW HITPOINT WARNING * * *
You are more poisoned.
The water moccasin poisons you! The water moccasin bites you.
* * * LOW HITPOINT WARNING * * *
You climb upwards.
Reactivating autopickup.
You feel very sick.
There is a stone staircase leading down here.
You feel very sick.
You feel sick.
The water moccasin bites you but does no damage.
You feel sick.
You feel sick. The water moccasin bites you.
* * * LOW HITPOINT WARNING * * *
You feel sick.
You feel sick.
You feel sick. The water moccasin bites you.
* * * LOW HITPOINT WARNING * * *
You are more poisoned.
The water moccasin poisons you!
Unknown command.
You miss the water moccasin.
* * * LOW HITPOINT WARNING * * *
You feel very sick. The water moccasin closely misses you.
Your +0 mace of protection goes still.
Your +2 dagger of venom begins to drip with poison!
e - a +2 dagger of venom (weapon)
You feel sick. The water moccasin bites you.
* * * LOW HITPOINT WARNING * * *
Unknown command.
You hit the water moccasin.
The water moccasin is poisoned.
The water moccasin is lightly wounded.
You recover from your berserk rage.
You die...

#...................# #
####..######..####..### # # ##..#
##.####....# # # ##.##
#...##.##.### # ######..#
###[##.##...### ### ....###.##
#.#..####...# ###.. ###.###..#
###...## ###.###...#
#..###.####...### #.....###
##..##.>....#S@.### ####.....
##.....#######...# ##.##.#
#....## #####.#######..##.#
#.##.# ##.............###.#
#.##.# ##............####..#
#####.##.# #..........[.........
......#######..............#..#.#
.....#####.................#.>..#
.⌠.⌠.<.....##........<.....###..#


You could see a water moccasin (very poisoned).

Vanquished Creatures
  A wyvern (D:5)
  4 ogres
  A phantom (D:5)
  A kobold brigand (D:4)
  A scorpion (D:5)
  3 centaur zombies
  A hound (D:5)
  2 orc priests (D:3)
  2 iguanas
  2 scorpion zombies (D:5)
  2 orc wizards
  4 hound skeletons
  7 adders
  2 ufetubi (D:5)
  3 worms
  4 dart slugs
  17 orcs
  2 endoplasms
  4 giant cockroaches
  8 hobgoblins
  8 quokkas
  11 ball pythons
  5 bats
  3 frilled lizards
  7 goblins
  7 kobolds
  5 rats
117 creatures vanquished.

Vanquished Creatures (others)
  2 fungi (D:6)
2 creatures vanquished.

Grand Total: 119 creatures vanquished

Notes
Turn   | Place    | Note
-------+----------+-------------------------------------------
     0 | D:1      | issech the Troll Berserker began the quest for the Orb.
     0 | D:1      | Reached XP level 1. HP: 22/22 MP: 0/0
    77 | D:1      | Reached XP level 2. HP: 13/29 MP: 1/1
   180 | D:1      | Reached skill level 3 in Maces & Flails
   664 | D:1      | Reached XP level 3. HP: 36/36 MP: 2/2
  1034 | D:2      | Found Beok's Assorted Antiques.
  1035 | D:2      | Reached ** piety under Trog
  1441 | D:2      | Noticed an ogre
  1452 | D:2      | Killed an ogre
  1453 | D:2      | Reached skill level 4 in Maces & Flails
  1453 | D:2      | Reached XP level 4. HP: 45/45 MP: 3/3
  1453 | D:2      | Reached XP level 5. HP: 53/53 MP: 4/4
  2063 | D:3      | Reached XP level 6. HP: 61/61 MP: 5/5
  2204 | D:3      | Reached *** piety under Trog
  3062 | D:4      | Reached skill level 1 in Short Blades
  3062 | D:4      | Reached skill level 5 in Maces & Flails
  3112 | D:4      | Reached XP level 7. HP: 67/67 MP: 6/6
  3853 | D:5      | Entered Level 5 of the Dungeon
  4014 | D:5      | Found a shimmering blue altar of Sif Muna.
  4221 | D:5      | Noticed a wyvern
  4233 | D:5      | Killed a wyvern
  4290 | D:5      | Reached XP level 8. HP: 79/79 MP: 7/7
  4370 | D:5      | Found an iron altar of Okawaru.
  4509 | D:5      | Found Qidiafryqo's Assorted Antiques.
  4709 | D:6      | Reached skill level 6 in Maces & Flails
  4709 | D:6      | Reached skill level 5 in Dodging
  4895 | D:5      | HP: 1/79 [water moccasin (4)]
  4896 | D:5      | Succumbed to a water moccasin's poison

Illustrated notes

Levels and vault maps discovered:
D:1:      lightli_arrival_isolated_outpost, layout_basic,
          kennysheep_another_room
D:2:      layout_loops_ring, serial_shops,
          nicolae_shop_temple_entry_statues_fountains, minivault_19,
          minmay_box_of_dots
D:3:      layout_loops_ring
D:4:      layout_basic, minmay_misc_feat_five, minmay_misc_feat_doors
D:5:      layout_rooms, old_standard_altar, okawaru_trees_1, serial_shops,
          shop_fountains
D:6:      layout_rooms, fedhas_altar_3, lemuel_temple_firewalk_b,
          minmay_misc_feat_columns

Skill      XL: |  1  2  3  4  5  6  7  8 |
---------------+-------------------------+-----
Maces & Flails | 3 4 5 6 |  6.1
Dodging        | 3 4 5 |  5.1
Fighting       | 3 4 |  4.6
Short Blades   | 1 |  1.8
Throwing       | |  0.1
Stealth        | |  0.9

Action                   |  1- 3 |  4- 6 |  7- 9 || total
-------------------------+-------+-------+-------++-------
Melee: Mace              |   111 |    86 |   175 ||   372
       Dagger            |       |    51 |     1 ||    52
Throw: Stone             |       |       |     2 ||     2
       Boomerang         |       |       |     2 ||     2
  Use: Scroll            |     2 |     2 |     6 ||    10
 Stab: Sleeping          |       |     1 |       ||     1
Armor: Animal skin       |    41 |    64 |   126 ||   231
Dodge: Dodged            |    94 |    89 |   170 ||   353

Table legend: (Time is in decaauts)
 A = Elapsed time spent in this place.
 B = Non-inter-level travel time spent in this place.
 C = Inter-level travel time spent in this place.
 D = Time resting spent in this place.
 E = Time spent auto-exploring this place.
 F = Levels seen in this place.
 G = Mean time per level.
                   A        B        C        D        E       F      G
               +--------+--------+--------+--------+--------+-----+--------+
         Total |   5269 |   4888 |    381 |    202 |   2117 |   6 |  878.2 |
       Dungeon |   5269 |   4888 |    381 |    202 |   2117 |   6 |  878.2 |
               +--------+--------+--------+--------+--------+-----+--------+

Top non-repeatable levels by time:
     D:4: 1131 daAuts
     D:1: 1129 daAuts
     D:3: 983 daAuts
     D:2: 953 daAuts
     D:5: 851 daAuts
     D:6: 219 daAuts
